 Dungeon Crawl Stone Soup version 0.20.1-1-g8b1a95d66d (webtiles) character file.

117 CKAuHET the Gusty (level 4, -4/33 HPs)
             Began as a Draconian Air Elementalist on Nov 26, 2017.
             Slain by a sky beast (5 damage)
             ... on level 4 of the Dungeon.
             The game lasted 00:18:12 (3971 turns).

CKAuHET the Gusty (Draconian Air Elementalist)      Turns: 3971, Time: 00:18:14

Health: -4/33      AC:  5    Str: 11    XL:     4   Next: 71%
Magic:  4/8        EV: 12    Int: 16    God:
Gold:   216        SH:  0    Dex: 11    Spells: 1/9 levels left

rFire    . . .     SeeInvis .   c - +0 whip
rCold    . . .     Gourm    .   (no shield)
rNeg     . . .     Faith    .   (armour unavailable)
rPois    .         Spirit   .   (helmet restricted)
rElec    .         Reflect  .   (no cloak)
rCorr    .         Harm     .   (no gloves)
MR       .....                  (no boots)
Stlth    +.........             (no amulet)
Regen    0.2/turn               (no ring)
MPRegen  0.2/turn               (no ring)

@: very slow
A: unfitting armour, cold-blooded, AC +5
a: no special abilities


You were on level 4 of the Dungeon.
You were not hungry.

You visited 1 branch of the dungeon, and saw 4 of its levels.

You collected 216 gold pieces.

Inventory:

Hand Weapons
 c - a +0 whip (weapon)
Missiles
 g - 17 sling bullets (quivered)
Armour
 e - a +0 shield
Scrolls
 d - a scroll of identify
 l - a scroll of blinking
 m - 3 scrolls of magic mapping {unknown}
Potions
 b - a potion of curing
 f - 2 potions of heal wounds {unknown}
 j - a potion of might {unknown}
Books
 a - a book of Air

   Spells                             Type                      Level
   a - Shock                          Conjuration/Air              1
   b - Swiftness                      Charms/Air                   2
   c - Static Discharge               Conjuration/Air              3
   d - Airstrike                      Air                          4
   e - Lightning Bolt                 Conjuration/Air              5
Comestibles
 h - a royal jelly
 i - a meat ration
 k - 2 bread rations


   Skills:
 + Level 0.2 Maces & Flails
 + Level 2.0 Dodging
 + Level 2.0 Stealth
 + Level 3.0 Spellcasting
 + Level 2.4 Conjurations
 + Level 3.9 Air Magic


You had one spell level left.
You knew the following spells:

 Your Spells              Type           Power        Failure   Level  Hunger
a - Shock                 Conj/Air       ##..         4%          1    #......
b - Static Discharge      Conj/Air       ##......     16%         3    ###....
c - Airstrike             Air            ###.......   36%         4    #####..


Dungeon Overview and Level Annotations

Branches:
Dungeon (4/15)
 Temple: D:4-7

Altars:
Dithmenos

Annotations:
D:4 Menkaure; meguca's ghost, novice MfGl


Innate Abilities, Weirdness & Mutations

Your plain brown scales are hard. (AC +5)
You cannot fit into any form of body armour.
You are cold-blooded and may be slowed by cold attacks.


Message History

You enter the shallow water.
Moving in this stuff is going to be slow.
A worm comes into view.
The sky beast hits you. The sky beast shocks you. The worm bites you.
The sky beast hits you.
* * * LOW HITPOINT WARNING * * *
The sky beast shocks you.
* * * LOW HITPOINT WARNING * * *
The worm barely misses you.
There is a collapsed entrance here.
You can't go down here!
You enter the shallow water.
Moving in this stuff is going to be slow.
The sky beast flickers out of sight!
Deactivating autopickup; reactivate with Ctrl-A.
Something hits you but does no damage. Something hits you.
* * * LOW HITPOINT WARNING * * *
Something shocks you.
You die...

#########
#.....≈##
##....≈≈## #
###...#≈≈###
#.......#≈≈#
#.###...#≈≈#
#......##≈≈#
##...####.≈≈##
#....≈≈≈≈≈≈≈.#
#...≈≈@≈ww≈≈.#
###≈≈#####≈..#
## ##### #


You could see 2 worms.

Vanquished Creatures
  An iguana (D:4)
  2 adders
  An ooze (D:2)
  A worm (D:2)
  3 dart slugs
  2 leopard geckos
  2 orcs
  4 giant cockroaches
  7 hobgoblins
  4 jackals (D:1)
  3 kobolds
  A quokka (D:2)
  3 ball pythons
  6 bats
  2 frilled lizards
  7 goblins
  8 rats
57 creatures vanquished.

Notes
Turn   | Place    | Note
-------+----------+-------------------------------------------
     0 | D:1      | CKAuHET the Draconian Air Elementalist began the quest for the Orb.
     0 | D:1      | Reached XP level 1. HP: 14/14 MP: 3/3
   231 | D:1      | Reached XP level 2. HP: 4/20 MP: 0/5
  1628 | D:2      | Reached XP level 3. HP: 26/26 MP: 2/6
  1777 | D:2      | Learned a level 3 spell: Static Discharge
  2688 | D:3      | Reached XP level 4. HP: 33/33 MP: 2/8
  3038 | D:3      | Found a shadowy altar of Dithmenos.
  3218 | D:4      | Noticed Menkaure
  3253 | D:4      | Noticed meguca's ghost (novice MfGl)
  3867 | D:4      | Noticed a sky beast
  3938 | D:3      | Learned a level 4 spell: Airstrike
  3971 | D:4      | HP: 1/33 [something (3)]
  3971 | D:4      | Slain by a sky beast

Skill      XL: |  1  2  3  4 |
---------------+-------------+-----
Dodging        | 2 |  2.0
Stealth        | 2 |  2.0
Conjurations   | 2 |  2.4
Spellcasting   | 3 |  3.0
Maces & Flails | |  0.2
Air Magic      | |  3.9

Action                   |  1- 3 |  4- 6 || total
-------------------------+-------+-------++-------
Melee: Unarmed           |    39 |       ||    39
       Tailslap          |     3 |     1 ||     4
       Whip              |    25 |     8 ||    33
 Cast: Shock             |   101 |    29 ||   130
       Airstrike         |       |     2 ||     2
  Use: Potion            |     2 |       ||     2
       Scroll            |     5 |     1 ||     6
  Eat: Bread ration      |     1 |       ||     1
       Fruit             |     3 |     1 ||     4
       Meat ration       |       |     1 ||     1
Armor: Skin              |    23 |     7 ||    30
Dodge: Dodged            |    44 |    13 ||    57
Block: Shield            |     5 |       ||     5
